 Dungeon Crawl Stone Soup version 0.28.0-47-ge53b351184 (webtiles) character file.

Game seed: 3102380459790988015

2494 Cykl0x the Geomancer (level 9, -12/46 HPs)
             Began as a Gargoyle Earth Elementalist on May 10, 2022.
             Was an Initiate of Vehumet.
             Mangled by an orc knight
             ... wielding a +0 war axe
              (16 damage)
             ... in a bailey.
             The game lasted 00:16:43 (6543 turns).

Cykl0x the Geomancer (Gargoyle Earth Elementalist)  Turns: 6543, Time: 00:16:44

Health: -12/46     AC: 14    Str: 14    XL:     9   Next: 52%
Magic:  2/19       EV: 12    Int: 18    God:    Vehumet [......]
Gold:   939        SH:  0    Dex: 10    Spells: 12/21 levels left

rFire   . . .      SeeInvis .   k - +5 club (spect)
rCold   . . .      Faith    .   (no shield)
rNeg    + . .      Spirit   .   A - +0 steam dragon scales
rPois   ∞          Reflect  .   (no helmet)
rElec   +          Harm     .   (no cloak)
rCorr   .          Rampage  .   (no gloves)
Will    .....                   B - +1 pair of boots {Stlth+}
Stlth   +++.......              f - amulet of magic regeneration
HPRegen 0.15/turn               (no ring)
MPRegen 0.56/turn               (no ring)

@: no status effects
A: sickness immunity, AC +6, negative energy resistance 1, electricity
resistance, torment resistance 1, petrification resistance
a: Renounce Religion


You were in a bailey.
You worshipped Vehumet.
Vehumet was noncommittal.
You visited 2 branches of the dungeon, and saw 8 of its levels.
You also visited: Bailey.

You collected 963 gold pieces.
You spent 24 gold pieces at shops.

Inventory:

Hand Weapons
 d - a +0 club of protection
 i - a +0 mace
 k - a +5 spectral club (weapon)
 p - a +0 quarterstaff
Missiles
 g - 126 stones
 n - 5 throwing nets
Armour
 b - a +0 robe
 l - a +2 robe
 m - a +0 leather armour
 s - a +0 scale mail of fire resistance
 A - +0 steam dragon scales (worn)
 B - a +1 pair of boots of stealth (worn)
Jewellery
 f - an amulet of magic regeneration (around neck)
 v - an amulet of regeneration
 x - a ring of protection from fire
 C - a ring of ice
Wands
 j - a wand of iceblast (6)
Scrolls
 c - 6 scrolls of teleportation
 h - a scroll of amnesia
 r - a scroll of magic mapping
 y - a scroll of fog
Potions
 a - 2 potions of attraction
 e - 2 potions of curing
 o - 2 potions of haste
 q - a potion of brilliance
 w - 2 potions of flight
 z - a potion of heal wounds


   Skills:
 + Level 0.3 Fighting
 + Level 1.3 Maces & Flails
 + Level 2.2 Armour
 + Level 2.3 Dodging
 - Level 2.1 Stealth
 + Level 6.7 Spellcasting
 * Level 7.6 Conjurations
 - Level 0.7 Transmutations
 + Level 0.2 Air Magic
 + Level 8.8 Earth Magic


You had 12 spell levels left.
You knew the following spells:

 Your Spells              Type           Power      Damage    Failure   Level
a - Sandblast             Erth           74%        2d16      1%          1
b - Stone Arrow           Conj/Erth      70%        3d11      1%          3
c - Poisonous Vapours     Pois/Air       12%        N/A       16%         2
d - Passwall              Tmut/Erth      19%        N/A       2%          2
e - Shock                 Conj/Air       80%        1d8       2%          1

Your spell library contained the following spells:

 Spells                   Type           Power      Damage    Failure   Level
 Sting                    Tmut/Pois      28%        1d4       10%         1
 Corpse Rot               Necr/Air       12%        N/A       16%         2
 Petrify                  Tmut/Erth      23%        N/A       16%         4
 Blink                    Tloc           12%        N/A       17%         2
 Ensorcelled Hibernation  Hex/Ice        12%        N/A       17%         2
 Swiftness                Air            6%         N/A       30%         3
 Lesser Beckoning         Tloc           6%         N/A       32%         3
 Airstrike                Air            3%         N/A       69%         4
 Alistair's Intoxication  Tmut/Pois      4%         N/A       95%         5
 Manifold Assault         Tloc           6%         N/A       97%         5
 Metabolic Englaciation   Hex/Ice        3%         N/A       97%         5
 Polar Vortex             Ice            3%         N/A       100%        9


Dungeon Overview and Level Annotations

Branches:
Dungeon (7/15)             Temple (1/1) D:6          Bailey (1/1)

Altars:
Ashenzari
Cheibriados
Dithmenos
Elyvilon
Fedhas
Gozag
Hepliaklqana
Kikubaaqudgha
Makhleb
Nemelex Xobeh
Okawaru
Qazlal
Sif Muna
Trog
Uskayaw
Vehumet
Wu Jian
Xom
Yredelemnul
Zin
The Shining One

Shops:
D:1 ?   D:5 [

Portals:
Abyss: D:3


Innate Abilities, Weirdness & Mutations

You are immune to sickness and miasma.
Your stone body is resilient. (AC +6)
You are immune to poison.
You resist negative energy. (rN+)
You are resistant to electric shocks. (rElec)
You are resistant to unholy torment.
You are immune to petrification.


Message History

The orc knight resists with some effort.
The goblin looks frightened!
The orc looks frightened!
Casting: Stone Arrow (safe; 1% risk of failure)
Confirm with . or Enter, or press ? or * to list all spells.
You don't have enough magic to cast this spell.
The orc starts to cry.
The orc begs, "Please!
I have a lot of children!"
Casting: Stone Arrow (safe; 1% risk of failure)
Confirm with . or Enter, or press ? or * to list all spells.
Aiming: Stone Arrow (safe; 1% risk of failure)
Press: ? - help, Shift-Dir - straight line, f/p - orc knight
Aim: an orc knight, wielding a +0 war axe and wearing a +0 chain mail (moderately wounded, poisoned, 71% to hit)
The stone arrow hits the orc knight.
The orc knight is moderately wounded.
The orc knight barely misses you.
Unknown command.
Casting: Stone Arrow (safe; 1% risk of failure)
Confirm with . or Enter, or press ? or * to list all spells.
Aiming: Stone Arrow (safe; 1% risk of failure)
Press: ? - help, Shift-Dir - straight line, f/p - orc knight
Aim: an orc knight, wielding a +0 war axe and wearing a +0 chain mail (heavily wounded, poisoned, 71% to hit)
The stone arrow hits the orc knight!
The orc knight is heavily wounded.
The orc knight misses you.
Unknown command.
You hit the orc knight but do no damage.
The orc knight is heavily wounded.
Your +5 spectral club hits the orc knight.
The orc knight hits you with a +0 war axe!
The orc knight hits your +5 spectral club with a +0 war axe.
Your spectral weapon shares its damage with you!
You hit the orc knight but do no damage.
The orc knight is severely wounded.
Your +5 spectral club misses the orc knight.
The orc knight looks more healthy.
The orc knight hits you with a +0 war axe!
* * * LOW HITPOINT WARNING * * *
The orc knight hits your +5 spectral club but does no damage.
The orc knight hits you with a +0 war axe!
You die...

♣♣##'''##♣♣
##.....## #.......#
##.......##
#.........#
##.....)...##
#######....)⌠.....#
##.....##.....)...##
#....)..'....o@)..+
#......)##...(...##
#.........#.......#
#.....g...##.....##
.....⌠.....#######
#.........##
#.........#
##.......##


You could see an orc knight and a friendly +5 spectral club (summoned).

Vanquished Creatures
  The ghost of Kniotic the Insei, an amateur DsMo (D:3)
  Grinder (D:6)
  Sigmund (D:3)
  3 steam dragons (D:6)
  A black bear (D:6)
  2 ogres
  A centaur (D:5)
  4 scorpions
  A bullfrog (D:6)
  A wyvern zombie (D:6)
  2 water moccasin zombies (D:5)
  A water moccasin skeleton (D:4)
  4 hounds
  2 bullfrog skeletons
  A gnoll shaman (D:6)
  A jelly (D:3)
  Jessica (D:3)
  2 iguanas
  Ijyb (D:3)
  An orc wizard (D:4)
  A killer bee zombie (D:5)
  A small abomination (D:3)
  2 hound skeletons (D:4)
  2 howler monkey zombies
  8 gnolls
  5 adders
  2 white imps
  An ufetubus (D:6)
  3 adder skeletons (D:4)
  2 worms
  4 dart slugs
  11 orcs
  9 ball pythons
  6 endoplasms
  3 giant cockroaches
  12 goblins
  8 hobgoblins
  9 kobolds
  5 quokkas (D:1)
  10 bats
  3 frilled lizards
  7 rats
146 creatures vanquished.

Notes
Turn   | Place    | Note
-------+----------+-------------------------------------------
     0 | D:1      | Cykl0x the Gargoyle Earth Elementalist began the quest for
                  | the Orb.
     0 | D:1      | Reached XP level 1. HP: 10/10 MP: 3/3
   263 | D:1      | Reached skill level 4 in Earth Magic
   263 | D:1      | Reached XP level 2. HP: 15/15 MP: 1/5
   470 | D:1      | Reached skill level 1 in Conjurations
   470 | D:1      | Reached XP level 3. HP: 18/19 MP: 4/6
   533 | D:1      | Learned a level 3 spell: Stone Arrow
   767 | D:1      | Found Rastriumn's Magic Scroll Boutique.
   781 | D:1      | Bought a scroll of identify for 24 gold pieces
  1387 | D:2      | Found a faded altar of an unknown god.
  1421 | D:2      | Reached XP level 4. HP: 24/24 MP: 1/7
  1942 | D:3      | Found a transporter.
  1944 | D:3      | Found a transporter.
  1944 | D:3      | Found a one-way gate to the infinite horrors of the Abyss.
  1944 | D:3      | Noticed Kniotic's ghost (amateur DsMo)
  1996 | D:3      | Noticed Jessica
  1998 | D:3      | Killed Jessica
  2004 | D:3      | Noticed Ijyb
  2014 | D:3      | Killed Ijyb
  2015 | D:3      | Reached XP level 5. HP: 3/28 MP: 5/9
  2366 | D:3      | Noticed Sigmund
  2372 | D:3      | Killed Sigmund
  2373 | D:3      | Reached skill level 5 in Earth Magic
  2373 | D:3      | Reached XP level 6. HP: 32/32 MP: 1/10
  3155 | D:3      | Killed Kniotic's ghost
  3156 | D:3      | Reached XP level 7. HP: 36/36 MP: 1/12
  3176 | D:3      | Reached skill level 6 in Earth Magic
  3445 | D:4      | Reached skill level 5 in Conjurations
  3758 | D:4      | Found a basalt altar of Yredelemnul.
  3803 | D:4      | Found a glowing silver altar of Zin.
  3940 | D:4      | Got the Disquisition on Contamination and Cold
  3944 | D:4      | Learned a level 2 spell: Poisonous Vapours
  4100 | D:5      | Entered Level 5 of the Dungeon
  4226 | D:5      | Reached XP level 8. HP: 41/41 MP: 10/14
  4272 | D:5      | Found a sparkling altar of Nemelex Xobeh.
  4384 | D:5      | Reached skill level 7 in Earth Magic
  4524 | D:5      | Learned a level 2 spell: Passwall
  4655 | D:5      | Learned a level 1 spell: Shock
  4691 | D:5      | Reached skill level 1 in Maces & Flails
  4843 | D:5      | Reached skill level 1 in Armour
  4843 | D:5      | Reached skill level 5 in Spellcasting
  5054 | D:5      | Found a broken altar of Ashenzari.
  5222 | D:5      | Found Avimonwor's Antique Armour Emporium.
  5279 | D:5      | Identified a scroll of acquirement
  5279 | D:5      | Acquired 692 gold pieces
  5551 | D:6      | Found a staircase to the Ecumenical Temple.
  5569 | Temple   | Entered the Ecumenical Temple
  5760 | Temple   | Became a worshipper of Vehumet
  5902 | D:6      | Reached XP level 9. HP: 45/45 MP: 9/17
  6001 | D:6      | Reached skill level 8 in Earth Magic
  6010 | D:6      | Noticed Grinder
  6019 | D:6      | Killed Grinder
  6339 | D:6      | Found a hazy altar of Hepliaklqana.
  6459 | D:7      | Found a flagged portal.
  6466 | Bailey   | Entered a bailey
  6522 | Bailey   | Noticed an orc knight
  6543 | Bailey   | Mangled by an orc knight

Illustrated notes

Levels and vault maps discovered:
D:1:      minmay_arrival_four_circles, layout_rooms, serial_shops, shop,
          corner_web_ring, serial_bayou_pond_b
D:2:      layout_basic, nicolae_ecumenical_oubliette, amcnicky_mini_pool_small
D:3:      layout_loops_ring, gammafunk_ghost_abyssal_escape,
          minmay_misc_feat_roman, uniq_sigmund, uniq_jessica, uniq_ijyb
D:4:      layout_rooms, mainiacjoe_overflow_big_doors
D:5:      layout_basic, nicolae_ashenzari_skybound, lemuel_tele_altar,
          serial_glass, glass_columns_a, glass_columns_a, glass_columns_c,
          glass_columns_a, glass_columns_a, due_unseen_surprise, serial_shops,
          kennysheep_mini_moat, minivault_4
D:6:      cheibrodos_steamvent, layout_rooms, mainiacjoe_overflow_alcove_4,
          temple_pool_b, nicolae_concentric_dashed_squares_wild,
          lemuel_another_geyser, uniq_grinder
D:7:      layout_loops_cross, enter_bailey_3, kennysheep_nondescript,
          hangedman_abyss_or_decor_stabs, uniq_duvessa
Temple:   regret_index_temple_sphere_string
Bailey:   bailey_axe_minmay_hex_keep, bailey

Skill      XL: |  1  2  3  4  5  6  7  8  9 |
---------------+----------------------------+-----
Earth Magic    | 4 5 6 7 8 |  8.8
Conjurations   | 1 2 3 4 5 7 |  7.6
Dodging        | 2 |  2.3
Spellcasting   | 3 4 5 6 |  6.7
Maces & Flails | 1 |  1.3
Armour         | 1 2 |  2.2
Fighting       | |  0.3
Stealth        | |  2.1
Transmutations | |  0.7
Air Magic      | |  0.2

Action                   |  1- 3 |  4- 6 |  7- 9 || total
-------------------------+-------+-------+-------++-------
Melee: Unarmed           |     6 |       |       ||     6
       Club              |    19 |    14 |    36 ||    69
       Punch             |     2 |       |       ||     2
 Cast: Sandblast         |    35 |     1 |    41 ||    77
       Stone Arrow       |    22 |    34 |    94 ||   150
       Shock             |       |       |    19 ||    19
       Passwall          |       |       |     2 ||     2
       Poisonous Vapours |       |       |     4 ||     4
  Use: Scroll            |     4 |     3 |    13 ||    20
 Stab: Distracted        |       |       |     1 ||     1
Armor: Robe              |    13 |     6 |     8 ||    27
       Scale mail        |       |       |    25 ||    25
       Steam dragon scal |       |       |     6 ||     6
Dodge: Dodged            |    23 |     5 |    45 ||    73
